 Dungeon Crawl Stone Soup version 0.27-a0-1281-ge233d83751 (webtiles) character file.

Game seed: 17757834471133861524

120 deadmanwalking the Bolt Thrower (level 4, -1/37 HPs)
             Began as a Minotaur Hunter on June 13, 2021.
             Slain by an orc priest (4 damage)
             ... on level 2 of the Dungeon.
             The game lasted 00:05:13 (2789 turns).

deadmanwalking the Bolt Thrower (Minotaur Hunter)   Turns: 2789, Time: 00:05:13

Health: -1/37      AC:  6    Str: 17    XL:     4   Next: 75%
Magic:  3/3        EV:  8    Int:  9    God:
Gold:   36         SH:  0    Dex: 10    Spells: 3/3 levels left

rFire    . . .     SeeInvis .   o - +1 short sword
rCold    . . .     Faith    .   l - +0 kite shield
rNeg     . . .     Spirit   .   n - +0 ring mail
rPois    +         Reflect  .   (helmet restricted)
rElec    .         Harm     .   (no cloak)
rCorr    .         Rampage  .   e - +0 pair of gloves
Will     .....                  (no boots)
Stlth    ..........             (no amulet)
HPRegen  0.12/turn              i - ring of poison resistance
MPRegen  0.08/turn              (no ring)

@: confused
A: horns 2, retaliatory headbutt
a: no special abilities


You were on level 2 of the Dungeon.
You visited 1 branch of the dungeon, and saw 2 of its levels.

You collected 36 gold pieces.

Inventory:

Hand Weapons
 a - a +1 hand crossbow
 b - a +2 dagger of freezing
 o - a +1 short sword (weapon)
Missiles
 d - 20 bolts
 g - 20 stones (quivered)
 j - 14 sling bullets
 m - 18 arrows
Armour
 c - a +0 leather armour
 e - a +0 pair of gloves (worn)
 l - a +0 kite shield (worn)
 n - a +0 ring mail (worn)
Jewellery
 i - a ring of poison resistance (left hand)
Scrolls
 k - 2 scrolls of identify
Potions
 h - a potion of magic


   Skills:
 - Level 2.4 Fighting
 + Level 2.9 Short Blades
 + Level 5.5 Crossbows
 - Level 2.1 Dodging
 - Level 0.7 Stealth
 + Level 2.1 Shields


You had 3 spell levels left.
You didn't know any spells.
Your spell library was empty.

Dungeon Overview and Level Annotations

Branches:
Dungeon (2/15)

Altars:


Innate Abilities, Weirdness & Mutations

You have a pair of horns on your head.
You reflexively headbutt those who attack you in melee.


Message History

You see here a +0 club.
There is a stone staircase leading down here.
HP restored.
Done exploring.
You climb downwards.
The orc priest calls down the wrath of Beogh upon you.
Beogh smites you!
There is a stone staircase leading up here.
You climb upwards.
There is a stone staircase leading down here.
You climb downwards.
There is a stone staircase leading up here.
The orc closely misses you. You furiously retaliate!
You headbutt the orc!
You kill the orc!
You climb upwards.
There is a stone staircase leading down here.
No target in view!
You climb downwards.
There is a stone staircase leading up here.
The orc wizard completely misses you.
Things that are here:
a scroll of identify; a +0 leather armour; a +0 flail
There are monsters nearby!
The orc wizard gestures at you while chanting.
You are confused.
The orc priest hits you but does no damage.
You barely miss the orc priest. The orc wizard casts a spell at you.
The puff of flame hits you.
The orc priest hits you with a +0 falchion.
You closely miss the orc priest. Your headbutt misses the orc priest.
The orc wizard casts a spell at you. The magic dart hits you.
The orc priest invokes the aid of Beogh against you.
Pain shoots through your body!
* * * LOW HITPOINT WARNING * * *
The orc wizard hits you with a +0 whip.
* * * LOW HITPOINT WARNING * * *
The orc priest hits you with a +0 falchion.
You die...

#.+....##......##.....
#.#....##.#.>...+.....
#.#............##.....
#.#............##.....
#.##'#..........#.....
#.#........#....#.....
#.#........#....#.....
#......)..##....#.....
###..@<.........#.....
###.o.?...............
#.....o...............
#.....................
#.....................
##...#............###.
#...#............# ##
#...#............#
#................#


You could see an orc priest and an orc wizard.

Vanquished Creatures
  An orc priest (D:2)
  A gnoll (D:1)
  3 adders (D:2)
  A dart slug (D:2)
  5 orcs (D:2)
  5 ball pythons (D:1)
  7 bats (D:1)
  An endoplasm (D:2)
  3 hobgoblins
  2 jackals (D:1)
  3 kobolds
  3 quokkas
  2 frilled lizards
  6 goblins
  3 rats
46 creatures vanquished.

Notes
Turn   | Place    | Note
-------+----------+-------------------------------------------
     0 | D:1      | deadmanwalking the Minotaur Hunter began the quest for the
                  | Orb.
     0 | D:1      | Reached XP level 1. HP: 18/18 MP: 0/0
   337 | D:1      | Reached skill level 1 in Short Blades
   338 | D:1      | Reached XP level 2. HP: 20/25 MP: 1/1
   636 | D:1      | Reached skill level 5 in Crossbows
   654 | D:1      | Reached XP level 3. HP: 30/30 MP: 2/2
  1591 | D:2      | Reached skill level 1 in Shields
  1856 | D:2      | Reached XP level 4. HP: 33/37 MP: 3/3
  2127 | D:2      | Found a faded altar of an unknown god.
  2176 | D:2      | HP: 1/37 [orc priest/nerve-wracking pain (14)]
  2789 | D:2      | Slain by an orc priest

Illustrated notes

Levels and vault maps discovered:
D:1:      psy_arrival_whirlpool, layout_basic, minmay_quantized
D:2:      layout_basic, hellmonk_ecumenical_altar_leap_of_faith,
          minmay_misc_feat_x

Skill      XL: |  1  2  3  4 |
---------------+-------------+-----
Short Blades   | 1 2 |  2.9
Crossbows      | 5 |  5.5
Shields        | 1 2 |  2.1
Fighting       | |  2.4
Dodging        | |  2.1
Stealth        | |  0.7

Action                   |  1- 3 |  4- 6 || total
-------------------------+-------+-------++-------
Melee: Short sword       |    97 |    33 ||   130
       Headbutt          |    17 |     1 ||    18
 Fire: Hand crossbow     |     1 |       ||     1
Throw: Stone             |     5 |       ||     5
  Use: Scroll            |     5 |       ||     5
       Potion            |       |     1 ||     1
 Stab: Sleeping          |     1 |       ||     1
Armor: Leather armour    |    28 |       ||    28
       Ring mail         |     4 |     9 ||    13
Dodge: Dodged            |    43 |    17 ||    60
Block: Kite shield       |    29 |    15 ||    44

Table legend: (Time is in decaauts)
 A = Elapsed time spent in this place.
 B = Non-inter-level travel time spent in this place.
 C = Inter-level travel time spent in this place.
 D = Time resting spent in this place.
 E = Time spent auto-exploring this place.
 F = Levels seen in this place.
 G = Mean time per level.
                   A        B        C        D        E       F      G
               +--------+--------+--------+--------+--------+-----+--------+
         Total |   2821 |   2761 |     60 |      0 |   2382 |   2 | 1410.5 |
       Dungeon |   2821 |   2761 |     60 |      0 |   2382 |   2 | 1410.5 |
               +--------+--------+--------+--------+--------+-----+--------+

Top non-repeatable levels by time:
     D:1: 1576 daAuts
     D:2: 1245 daAuts
